 Dungeon Crawl Stone Soup version 0.32-a0-932-g546787307d (webtiles) character file.

Game seed: 3060155304230430868

32 P0WERM0DE the Trooper (level 3, -2/30 HPs)
             Began as a Coglin Chaos Knight on Apr 14, 2024.
             Was a Plaything of Xom.
             Slain by a goblin
             ... wielding a +0 dagger
             ... led by Robin
              (3 damage)
             ... on level 2 of the Dungeon.
             The game lasted 00:00:27 (364 turns).

P0WERM0DE the Trooper (Coglin Chaos Knight)          Turns: 364, Time: 00:00:27

Health: -2/30      AC:  5    Str: 12    XL:     3   Next: 27%
Magic:  3/3        EV: 10    Int: 13    God:    Xom [*.....]
Gold:   80         SH:  0    Dex: 13    Spells: 2/2 levels left

rFire   . . .        a - +0 hand axe (chaos) {Noor}
rCold   . . .        d - +0 dagger {Carlos}
rNeg    . . .        b - +2 leather armour
rPois   .            (no helmet)
rElec   .            (no cloak)
rCorr   .            (no gloves)
SInv    .            (no boots)
Will    .....        (amulet unavailable)
Stlth   +            (ring unavailable)
HPRegen 0.25/turn    (ring unavailable)
MPRegen 0.08/turn    (no gizmo)

%: no passive effects
@: revved
A: off-hand wielding, slow wielding, warmup strikes, no jewellery
a: Invent Gizmo, Renounce Religion


You were on level 2 of the Dungeon.
You worshipped Xom.
You were a special plaything of Xom.
You visited 1 branch of the dungeon, and saw 2 of its levels.

You collected 80 gold pieces.

Inventory:

Hand Weapons
 a - a +0 hand axe of chaos (weapon) {Noor}
 d - a +0 dagger (offhand) {Carlos}
Armour
 b - a +2 leather armour (worn)
Scrolls
 c - a scroll of butterflies
 g - a scroll of summoning {unknown}
Potions
 e - a potion of invisibility {unknown}
 f - a potion of haste {unknown}
 h - a potion of curing {unknown}


   Skills:
 * Level 3.7 Fighting
 * Level 3.6 Axes
 - Level 1.7 Armour
 - Level 0.8 Dodging


You had 2 spell levels left.
You didn't know any spells.
Your spell library was empty.

Dungeon Overview and Level Annotations

Branches:
Dungeon (2/15)

Altars:

Annotations:
D:2 Robin


Innate Abilities, Weirdness & Mutations

You can wield a second weapon in your off-hand.
It takes a long time for you to wield or remove held weapons.
Your first few attacks do less damage.
You cannot equip rings or amulets.


Message History

You hit the goblin with your +0 dagger.
The goblin is heavily wounded.
You closely miss the goblin with your +0 hand axe of chaos.
You barely miss the goblin with your +0 hand axe of chaos.
You hit the hobgoblin with your +0 hand axe of chaos.
You kill the hobgoblin!
The goblin barely misses you.
You hit the goblin with your +0 dagger.
The goblin is moderately wounded.
You barely miss the goblin with your +0 hand axe of chaos.
You closely miss the goblin with your +0 hand axe of chaos.
You hit the goblin with your +0 hand axe of chaos.
The goblin suddenly seems more resistant.
Xom thinks this is hilarious!
The goblin misses you. The goblin hits you with a +0 club.
The goblin barely misses you.
Robin says, "A pitiful Goblin like you will never find the ORB!"
You bump into the rock wall.
The goblin hits you with a +0 dagger. The hobgoblin hits you.
The goblin hits you but does no damage. The goblin closely misses you.
Robin throws the goblin at you!
You're too confused to move!
You feel less confused. The goblin hits you with a +0 dagger.
The hobgoblin hits you.
* * * LOW HITPOINT WARNING * * *
The goblin hits you with a +0 club.
* * * LOW HITPOINT WARNING * * *
The goblin hits you with a +0 club.
* * * LOW HITPOINT WARNING * * *
The dart slug closely misses you.
You hit the dart slug with your +0 hand axe of chaos.
The dart slug is poisoned.
The dart slug is moderately wounded.
You hit the hobgoblin but do no damage.
You closely miss the goblin with your +0 hand axe of chaos.
You hit the goblin with your +0 hand axe of chaos.
You kill the goblin!
You closely miss the goblin with your +0 hand axe of chaos.
You hit the dart slug with your +0 dagger.
The goblin hits you with a +0 dagger.
You die...

......[.....
#.....>....##
#...........
#..........
#......gg. #
.......gg .##.
#...w)###....
#@g.....#
#gg......
#..>.....
..######........
#.:....<...(....
###.............
##............
#....####.#..
#....# .#..


You could see Robin, a dart slug (very poisoned), 2 hobgoblins and 4 goblins.

Vanquished Creatures
  2 bats (D:1)
  2 endoplasms (D:1)
  2 giant cockroaches (D:1)
  9 goblins
  3 hobgoblins
  6 kobolds (D:1)
  2 ball pythons
  2 frilled lizards (D:1)
  3 rats (D:1)
31 creatures vanquished.

Vanquished Creatures (others)
  A goblin zombie (D:2)
1 creature vanquished.

Grand Total: 32 creatures vanquished

Notes
Turn   | Place    | Note
-------+----------+-------------------------------------------
     0 | D:1      | P0WERM0DE the Coglin Chaos Knight began the quest for the
                  | Orb.
     0 | D:1      | Reached XP level 1. HP: 18/18 MP: 1/1
     3 | D:1      | Noticed an electric eel
     4 | D:1      | Noticed an electric eel
    22 | D:1      | Reached XP level 2. HP: 22/24 MP: 2/2
   162 | D:1      | XOM: potion effect (might)
   325 | D:1      | XOM: 9-stop teleportation journey
   349 | D:2      | Reached XP level 3. HP: 29/29 MP: 3/3
   352 | D:2      | Noticed Robin
   358 | D:2      | XOM: confusion
   363 | D:2      | HP: 1/30 [goblin/+0 club (3)]
   364 | D:2      | Slain by a goblin

Illustrated notes

Levels and vault maps discovered:
D:1:      arrival_aquarium_b, layout_rooms
D:2:      layout_rooms, basic_altar, minmay_pentomino_t2, uniq_robin,
          uniq_jessica

Action                     || total
---------------------------++-------
  Melee: Hand axe          ||    43
         Dagger            ||    33
 Armour: Leather armour    ||    33
  Dodge: Dodged            ||    25

Table legend: (Time is in decaauts)
 A = Elapsed time spent in this place.
 B = Non-inter-level travel time spent in this place.
 C = Inter-level travel time spent in this place.
 D = Time resting spent in this place.
 E = Time spent auto-exploring this place.
 F = Levels seen in this place.
 G = Mean time per level.
                   A        B        C        D        E       F      G
               +--------+--------+--------+--------+--------+-----+--------+
         Total |    366 |    347 |     19 |      0 |    227 |   2 |  183.0 |
       Dungeon |    366 |    347 |     19 |      0 |    227 |   2 |  183.0 |
               +--------+--------+--------+--------+--------+-----+--------+

Top non-repeatable levels by time:
     D:1: 346 daAuts
     D:2: 19 daAuts
